 Dungeon Crawl Stone Soup version 0.20.1-1-g8b1a95d (webtiles) character file.

686 spiff the Digger (level 7, 0/40 HPs)
             Began as a Gargoyle Earth Elementalist on July 18, 2017.
             Was a Believer of Cheibriados.
             Slain by a wight
             ... wielding a +4 war axe
              (12 damage)
             ... on level 5 of the Dungeon.
             The game lasted 00:13:09 (5729 turns).

spiff the Digger (Gargoyle Earth Elementalist)      Turns: 5729, Time: 00:13:10

Health: 0/40       AC:  8    Str: 17    XL:     7   Next: 62%
Magic:  2/13       EV: 15    Int: 24    God:    Cheibriados [**....]
Gold:   197        SH:  0    Dex: 14    Spells: 5/14 levels left

rFire    . . .     SeeInvis .   y - +3 mace (crush)
rCold    . . .     Gourm    .   (no shield)
rNeg     + . .     Faith    .   c - +0 robe
rPois    ∞         Spirit   .   (no helmet)
rElec    +         Reflect  .   (no cloak)
rCorr    .         Harm     .   i - +1 pair of gloves (curse)
MR       .....                  (no boots)
Stlth    ++........             (no amulet)
Regen    0.2/turn               s - +4 ring of intelligence
MPRegen  0.2/turn               x - +3 ring of evasion

@: very slow
A: negative energy resistance 1, electricity resistance, unbreathing,
petrification resistance, rot immunity, AC +4
a: Bend Time, Renounce Religion


You were on level 5 of the Dungeon.
You worshipped Cheibriados.
Cheibriados was pleased with you.
You were not hungry.

You visited 1 branch of the dungeon, and saw 5 of its levels.

You collected 197 gold pieces.

Inventory:

Hand Weapons
 y - a +3 mace of crushing (weapon)
Missiles
 b - 191 stones (quivered)
Armour
 c - a +0 robe (worn)
 g - a +0 plate armour
 i - a cursed +1 pair of gloves (worn)
Jewellery
 s - a +4 ring of intelligence (left hand)
 x - a +3 ring of evasion (right hand)
Scrolls
 k - a scroll of teleportation {unknown}
 l - 2 scrolls of enchant armour
 m - a scroll of magic mapping
 n - a scroll of enchant weapon
 B - a scroll of identify
Potions
 a - a potion of haste {unknown}
 f - 4 potions of curing
 j - a potion of flight {unknown}
 p - a potion of heal wounds {unknown}
 r - a potion of cancellation {unknown}
 v - 3 potions of brilliance
 w - a potion of berserk rage {unknown}
 z - a potion of magic {unknown}
 A - a potion of ambrosia {unknown}
Books
 e - a book of Geomancy

   Spells                             Type                      Level
   a - Sandblast                      Earth                        1
   b - Passwall                       Transmutation/Earth          2
   c - Stone Arrow                    Conjuration/Earth            3
   d - Petrify                        Transmutation/Earth          4
   e - Lee's Rapid Deconstruction     Earth                        5
Comestibles
 d - 4 bread rations
 o - a fruit
 q - a royal jelly
 t - 2 meat rations


   Skills:
 + Level 2.9 Fighting
 + Level 4.6 Maces & Flails
 - Level 1.5 Dodging
 - Level 2.1 Stealth
 - Level 4.0 Spellcasting
   Level 0.7 Transmutations
 - Level 6.2 Earth Magic


You had 5 spell levels left.
You knew the following spells:

 Your Spells              Type           Power        Failure   Level  Hunger
a - Sandblast             Erth           ####..       1%          1    None
b - Stone Arrow           Conj/Erth      ###...       9%          3    ##.....
c - Lee's Rapid Deconstr  Erth           ####......   21%         5    ######.


Dungeon Overview and Level Annotations

Branches:
Dungeon (5/15)             Temple (0/1) D:4

Altars:
Ashenzari
Cheibriados
Dithmenos
Elyvilon
Fedhas
Hepliaklqana
Okawaru
Qazlal
Ru
Trog
Uskayaw
Xom

Shops:
D:5 %


Innate Abilities, Weirdness & Mutations

You are resistant to torment.
Your stone body is resilient. (AC +4)
You are immune to poison.
You resist negative energy. (rN+)
You are resistant to electric shocks. (rElec)
You can survive without breathing.
You are immune to petrification.
You are immune to rotting.


Message History

* * * LOW HITPOINT WARNING * * *
You barely miss the wight.
The wight is heavily damaged.
The wight closely misses you.
Casting: Stone Arrow
Confirm with . or Enter, or press ? or * to list all spells.
You don't have enough magic to cast that spell.
You hit the wight.
The wight is almost destroyed.
The wight closely misses you.
You barely miss the wight.
The wight is almost destroyed.
The wight misses you.
You barely miss the wight.
The wight is almost destroyed.
The wight misses you.
You closely miss the wight.
The wight is almost destroyed.
The wight hits you with an enchanted war axe!
You die...

,................#
,...............##
,..............##
,*,,...........#
****
,,,*,........#.##
**##,,**
,,,***.....###..#
**#...,,,* ,,**
**#.##*
#..#**%....,,,**
,,* ##*
##.##......,,,,*
,**
#.@z......,,,,**
,*
##........,,,,,*
*****
*.........,,,,,**
,,,,*****
#.........,,,,,,*
,,,,,,,,*****
##........,,,,,,**
,,,,,,,,,,,,*
#........,,,,,,,*
********,,,**
###......,,,,****
***** *######*****


You could see a wight.

Vanquished Creatures
  2 phantoms
  4 wights (D:5)
  A hound (D:4)
  An orc priest (D:3)
  A bullfrog skeleton (D:5)
  A worker ant (D:4)
  4 gnolls (D:4)
  4 adders
  2 howler monkey skeletons (D:4)
  2 oozes (D:2)
  An adder skeleton (D:4)
  3 worms
  3 dart slugs
  3 leopard geckos
  8 orcs
  6 giant cockroaches
  9 goblins
  10 hobgoblins
  17 jackals
  3 kobolds
  A quokka (D:4)
  A ball python (D:1)
  13 bats
  8 frilled lizards
  2 rats (D:3)
110 creatures vanquished.

Notes
Turn   | Place    | Note
-------+----------+-------------------------------------------
     0 | D:1      | spiff the Gargoyle Earth Elementalist began the quest for the Orb.
     0 | D:1      | Reached XP level 1. HP: 10/10 MP: 3/3
   291 | D:1      | Found a snail-covered altar of Cheibriados.
   389 | D:1      | Reached skill level 4 in Earth Magic
   394 | D:1      | Reached XP level 2. HP: 11/15 MP: 5/5
  1271 | D:1      | Reached XP level 3. HP: 19/19 MP: 4/6
  1433 | D:1      | Reached skill level 1 in Maces & Flails
  1903 | D:2      | Learned a level 3 spell: Stone Arrow
  2098 | D:2      | Reached XP level 4. HP: 23/24 MP: 8/8
  2198 | D:2      | Found a faded altar of an unknown god.
  2225 | D:2      | Became a worshipper of Elyvilon the Healer
  2225 | D:2      | Reached * piety under Elyvilon
  2922 | D:3      | Reached skill level 5 in Earth Magic
  3032 | D:3      | Reached ** piety under Elyvilon
  3592 | D:3      | Reached XP level 5. HP: 24/28 MP: 6/9
  3855 | D:3      | Found a stormy altar of Qazlal.
  3855 | D:3      | Found a snail-covered altar of Cheibriados.
  3859 | D:3      | Fell from the grace of Elyvilon
  3859 | D:3      | Became a worshipper of Cheibriados the Contemplative
  4097 | D:4      | Learned a level 5 spell: Lee's Rapid Deconstruction
  4113 | D:4      | Found a bloodstained altar of Trog.
  4158 | D:4      | Found a shadowy altar of Dithmenos.
  4244 | D:4      | Reached * piety under Cheibriados
  4284 | D:4      | Noticed a phantom
  4294 | D:4      | Killed a phantom
  4294 | D:4      | Reached XP level 6. HP: 25/32 MP: 7/11
  4473 | D:4      | Found a staircase to the Ecumenical Temple.
  4665 | D:4      | Reached skill level 6 in Earth Magic
  4705 | D:4      | Found a hazy altar of Hepliaklqana.
  4705 | D:4      | Found a hide-covered altar of Uskayaw.
  4712 | D:4      | Found a shimmering altar of Xom.
  4713 | D:4      | Found a sacrificial altar of Ru.
  4713 | D:4      | Found a shattered altar of Ashenzari.
  4715 | D:4      | Found a blossoming altar of Fedhas.
  4912 | D:4      | Found an iron altar of Okawaru.
  5100 | D:5      | Entered Level 5 of the Dungeon
  5110 | D:5      | Found Omynlesk's Food Emporium.
  5120 | D:5      | Noticed a phantom
  5131 | D:5      | Killed a phantom
  5131 | D:5      | Reached skill level 1 in Fighting
  5131 | D:5      | Reached XP level 7. HP: 38/38 MP: 1/13
  5319 | D:5      | Reached ** piety under Cheibriados
  5729 | D:5      | Slain by a wight

Skill      XL: |  1  2  3  4  5  6  7 |
---------------+----------------------+-----
Earth Magic    | 4 5 6 |  6.2
Maces & Flails | 1 2 3 4 |  4.6
Spellcasting   | 3 4 |  4.0
Fighting       | 1 2 |  2.9
Dodging        | |  1.5
Stealth        | |  2.1
Transmutations | |  0.7

Action                   |  1- 3 |  4- 6 |  7- 9 || total
-------------------------+-------+-------+-------++-------
Melee: Whip              |   208 |   105 |       ||   313
       Unarmed           |     3 |       |       ||     3
       Mace              |       |    95 |    38 ||   133
Throw: Stone             |       |     1 |       ||     1
 Cast: Sandblast         |     4 |    20 |       ||    24
       Stone Arrow       |       |     7 |     5 ||    12
  Use: Scroll            |       |       |     7 ||     7
 Stab: Sleeping          |     5 |     4 |       ||     9
  Eat: Chunk             |     4 |     9 |     1 ||    14
Armor: Robe              |    99 |    61 |     8 ||   168
Dodge: Dodged            |   189 |   176 |    40 ||   405
